 Dungeon Crawl Stone Soup version 0.14.0-17-gc0b17a5 (webtiles) character file.

1473 MDvedh the Cleaver (level 8, -5/64 HPs)
             Began as a Hill Orc Fighter on Apr 19, 2014.
             Was a Follower of Beogh.
             Slain by an orc warrior
             ... wielding a +0,+0 scimitar
              (11 damage)
             ... on Level 6 of the Dungeon.
             The game lasted 00:12:29 (6597 turns).

MDvedh the Cleaver (Hill Orc Fighter)               Turns: 6597, Time: 00:12:30

HP  -5/64        AC  7     Str 21      XL: 8   Next: 47%
MP   8/8         EV  6     Int  8      God: Beogh [*.....]
Gold 249         SH 19     Dex 10      Spells:  0 memorised,  7 levels left

rFire  . . .     SeeInvis .     a - +1,+0 war axe
rCold  . . .     Clarity  .     b - +0 scale mail
rNeg   . . .     Conserve .     c - +0 shield
rPois  .         rCorr    .     (no helmet)
rElec  .         rRot     .     (no cloak)
SustAb . .       Spirit   .     (no gloves)
rMut   .         Warding  .     (no boots)
Saprov + . .     Stasis   .     (no amulet)
MR     .....                    (no ring)
                                (no ring)

@: very slightly contaminated, hasted, very quick, not resistant to hostile
enchantments, extremely unstealthy
A: saprovore 1
a: Renounce Religion


You were on level 6 of the Dungeon.
You worshipped Beogh.
Beogh was aware of your devotion.
You were hungry.

You visited 1 branch of the dungeon, and saw 6 of its levels.

You collected 249 gold pieces.

Inventory:

Hand weapons
 a - a +1,+0 war axe (weapon)
Armour
 b - a +0 scale mail (worn)
 c - a +0 shield (worn)
Magical devices
 i - a wand of draining (6)
 t - a wand of disintegration (23)
 w - a wand of teleportation (2)
 x - a wand of magic darts (11)
Comestibles
 d - 3 meat rations
 k - a choko
 m - a honeycomb
 p - 3 bread rations
 s - a pear
 u - 9 strawberries
Scrolls
 f - 6 scrolls of remove curse
 g - a scroll of identify
 l - 2 scrolls of teleportation
 q - 3 scrolls of immolation
 r - a scroll of enchant weapon II {unknown}
Jewellery
 v - an uncursed ring of protection from fire
Potions
 e - 2 potions of might
 h - 3 potions of resistance
 j - a potion of haste
 n - a potion of berserk rage {unknown}
 o - a potion of curing
 z - a potion of poison
 A - a potion of confusion {unknown}
 B - a potion of magic {unknown}


   Skills:
 - Level 3.6 Fighting
 + Level 12.7 Axes
 - Level 3.2 Armour
 - Level 3.2 Shields


You had 7 spell levels left.
You didn't know any spells.

Dungeon Overview and Level Annotations

Branches:
Dungeon (6/15)             Temple (0/1) D:5

Altars:
Cheibriados
Kikubaaqudgha
Makhleb
Nemelex Xobeh
Xom
The Shining One


Innate Abilities, Weirdness & Mutations

You can tolerate rotten meat.


Message History

You hit the orc warrior.
The orc warrior is heavily wounded.
You block the orc warrior's attack.
You hit the orc warrior but do no damage.
The orc warrior is heavily wounded.
You hit the orc warrior but do no damage.
The orc warrior is heavily wounded.
The orc warrior barely misses you.
You hit the orc warrior.
The orc warrior is severely wounded.
You closely miss the orc warrior.
The orc warrior is severely wounded.
The orc warrior hits you with a scimitar!
* * * LOW HITPOINT WARNING * * *
You hit the orc warrior but do no damage.
The orc warrior is severely wounded.
You closely miss the orc warrior.
The orc warrior is severely wounded.
The orc warrior hits you with a scimitar!
You die...

##............
##.....).......
##.......)......
##...............
##................
##.................
##..................
##..o))..............
#...@..o............
#..(...............
#<(...............
#<...............
#<...%..........
#....%..........
#..............
##............
##..........


You could see an orc warrior and an orc wizard.

Vanquished Creatures
  Eustachio (D:4)
  A centaur (D:6)
  A phantom (D:4)
  2 ogres (D:4)
  Blork the orc (D:6)
  A scorpion (D:4)
  2 crimson imps (D:5)
  2 quasits (D:4)
  3 hounds
  An iguana (D:5)
  Natasha (D:6)
  6 worker ants
  Ijyb (D:2)
  6 adders
  9 gnolls
  A green rat (D:4)
  A shadow imp (D:4)
  2 giant mites
  An inept feature mimic (D:5)
  A worm (D:3)
  3 ufetubi (D:4)
  A giant eyeball (D:5)
  10 orcs
  14 bats
  12 goblins
  9 hobgoblins
  6 jackals
  An ooze (D:4)
  4 quokkas
  7 giant cockroaches
  2 giant geckos
  5 giant newts
  A gnoll zombie (D:5)
  10 kobolds
  An orc skeleton (D:3)
  13 rats
143 creatures vanquished.

Vanquished Creatures (others)
  A human (D:3)
  An ogre (D:4)
  An adder skeleton (D:4)
  An orc (D:3)
  A hobgoblin (D:3)
5 creatures vanquished.

Grand Total: 148 creatures vanquished

Notes
Turn   | Place    | Note
--------------------------------------------------------------
     0 | D:1      | MDvedh, the Hill Orc Fighter, began the quest for the Orb.
     0 | D:1      | Reached XP level 1. HP: 19/19 MP: 1/1
   265 | D:1      | Reached XP level 2. HP: 20/26 MP: 2/2
   471 | D:1      | Reached skill level 4 in Axes
   759 | D:1      | Reached XP level 3. HP: 29/31 MP: 3/3
  1261 | D:2      | Reached skill level 5 in Axes
  1411 | D:2      | Noticed Ijyb
  1436 | D:2      | Killed Ijyb
  1436 | D:2      | Reached XP level 4. HP: 17/39 MP: 4/4
  1726 | D:2      | Found a glowing golden altar of the Shining One.
  2067 | D:2      | Reached skill level 6 in Axes
  2365 | D:3      | Found a snail-covered altar of Cheibriados.
  2393 | D:3      | Reached XP level 5. HP: 34/45 MP: 5/5
  2798 | D:3      | Reached skill level 7 in Axes
  3058 | D:3      | Became a worshipper of Beogh the Brigand
  3362 | D:3      | Found an ancient bone altar of Kikubaaqudgha.
  3365 | D:3      | Noticed a human
  3366 | D:3      | Killed a human
  3580 | D:4      | Reached skill level 8 in Axes
  3580 | D:4      | Reached XP level 6. HP: 18/51 MP: 6/6
  3968 | D:4      | Noticed a phantom
  4007 | D:4      | Killed a phantom
  4007 | D:4      | Reached skill level 9 in Axes
  4135 | D:4      | Noticed an ogre
  4139 | D:4      | Killed an ogre
  4139 | D:4      | Reached XP level 7. HP: 57/57 MP: 7/7
  4150 | D:4      | Reached skill level 10 in Axes
  4533 | D:4      | Noticed Eustachio
  4593 | D:4      | Killed Eustachio
  4593 | D:4      | Reached skill level 11 in Axes
  4809 | D:4      | Acquired Beogh's first power
  5047 | D:5      | Entered Level 5 of the Dungeon
  5129 | D:5      | Reached XP level 8. HP: 34/64 MP: 8/8
  5347 | D:5      | Found a shimmering altar of Xom.
  5398 | D:5      | Found a staircase to the Ecumenical Temple.
  5441 | D:5      | Found a sparkling altar of Nemelex Xobeh.
  5471 | D:5      | Found a burning altar of Makhleb.
  5597 | D:5      | Paralysed by a giant eyeball for 4 turns
  6003 | D:5      | Reached skill level 12 in Axes
  6205 | D:6      | Noticed Natasha
  6216 | D:6      | Killed Natasha
  6302 | D:6      | Noticed Blork the orc
  6310 | D:6      | Killed Blork the orc
  6582 | D:6      | HP: 3/64 [orc warrior/ stone (7)]
  6584 | D:6      | HP: 1/64 [orc/uncursed hand axe (3)]
  6597 | D:6      | Slain by an orc warrior

Action                   |  1- 3 |  4- 6 |  7- 9 || total
-------------------------+-------+-------+-------++-------
Melee: War axe           |    97 |   156 |   216 ||   469
Invok: Convert to Beogh  |       |     1 |       ||     1
Evoke: Wand              |       |     1 |     3 ||     4
  Use: Potion            |       |     1 |     5 ||     6
       Scroll            |       |       |     8 ||     8
